 Dungeon Crawl Stone Soup version 0.24-a0-487-g57318f2ed0 (webtiles) character file.

Game seed: 13601659430314288156

42 freekh the Ruffian (level 3, -1/29 HPs)
             Began as a Draconian Transmuter on July 11, 2019.
             Slain by a leopard gecko (4 damage)
             ... on level 1 of the Dungeon.
             The game lasted 00:07:30 (852 turns).

freekh the Ruffian (Draconian Transmuter)            Turns: 852, Time: 00:07:31

Health: -1/29      AC:  5    Str:  9 (12) XL:     3   Next: 33%
Magic:  6/6        EV: 12    Int: 18 (19) God:
Gold:   71         SH:  0    Dex:  8 (11) Spells: 3/6 levels left

rFire    . . .     SeeInvis +     - Unarmed
rCold    . . .     Gourm    .   (no shield)
rNeg     . . .     Faith    .   (armour unavailable)
rPois    .         Spirit   .   (helmet restricted)
rElec    .         Reflect  .   (no cloak)
rCorr    .         Harm     .   (no gloves)
MR       .....                  (no boots)
Stlth    +.........             (no amulet)
HPRegen  0.09/turn              i - ring of see invisible
MPRegen  0.10/turn              (no ring)

@: brilliant
A: unfitting armour, cold-blooded, AC +5
a: no special abilities


You were on level 1 of the Dungeon.
You were not hungry.

You visited 1 branch of the dungeon, and saw 2 of its levels.

You collected 71 gold pieces.

Inventory:

Missiles
 a - 12 arrows
Jewellery
 i - a ring of see invisible (left hand)
Scrolls
 e - a scroll of enchant weapon {unknown}
 f - a scroll of immolation {unknown}
Comestibles
 b - 5 chunks of flesh
 c - 2 rations


   Skills:
 + Level 2.1 Fighting
 - Level 1.8 Dodging
 - Level 3.4 Unarmed Combat
 * Level 2.2 Spellcasting
 * Level 2.5 Transmutations


You had 3 spell levels left.
You knew the following spells:

 Your Spells              Type           Power        Failure   Level  Hunger
a - Beastly Appendage     Tmut           ###...       1%          1    #......
b - Sticks to Snakes      Tmut           ###.....     1%          2    ##.....

Your spell library contained the following spells:

 Spells                   Type           Power        Failure   Level  Hunger
 Spider Form              Tmut/Pois      ###.......   4%          3    ###....
 Ice Form                 Ice/Tmut       ###.....     12%         4    #####..
 Blade Hands              Tmut           ###.......   17%         5    ######.


Dungeon Overview and Level Annotations

Branches:
Dungeon (2/15)

Altars:

Annotations:
D:2 Sigmund


Innate Abilities, Weirdness & Mutations

Your plain brown scales are hard. (AC +5)
You cannot fit into any form of body armour.
You are cold-blooded and may be slowed by cold attacks.


Message History

Really abort (and waste the scroll)? [Y]es or [N]o only, please.
Really abort (and waste the scroll)?
Okay, then.
Sigmund hits you from afar with a cursed -2 scythe!
* * * LOW HITPOINT WARNING * * *
The leopard gecko barely misses you.
The leopard gecko hisses menacingly.
The leopard gecko closely misses you.
Sigmund mumbles some strange words.
Sigmund flickers and vanishes for a moment.
The leopard gecko misses you.
Things that are here:
a +0 short sword; a kobold corpse
There is a stone staircase leading up here.
The leopard gecko barely misses you.
You climb upwards.
There is a stone staircase leading down here.
The leopard gecko bites you.
You die...

##### ######)..##
####.@l>..#..#
#....#######.#
###.########.#
#........#.#
#...######.## #
#...#### #..########
#.#....# ##.##......
##.####.####.##.#####
#..# #...##....#


You could see a leopard gecko.

Vanquished Creatures
  An ooze (D:1)
  A dart slug (D:1)
  5 bats
  6 giant cockroaches (D:1)
  5 goblins (D:1)
  4 hobgoblins (D:1)
  4 jackals (D:1)
  2 frilled lizards (D:1)
  A kobold (D:2)
29 creatures vanquished.

Notes
Turn   | Place    | Note
-------+----------+-------------------------------------------
     0 | D:1      | freekh the Draconian Transmuter began the quest for the
                  | Orb.
     0 | D:1      | Reached XP level 1. HP: 16/16 MP: 3/3
    82 | D:1      | Reached XP level 2. HP: 23/23 MP: 3/5
   340 | D:1      | Reached XP level 3. HP: 26/29 MP: 4/6
   356 | D:1      | Learned a level 2 spell: Sticks to Snakes
   824 | D:2      | Noticed Sigmund
   839 | D:2      | HP: 1/29 [Sigmund/cursed -2 scythe (9)]
   852 | D:1      | Slain by a leopard gecko

Levels and vault maps discovered:
D:1:      eino_arrival_tree_alley, layout_rooms
D:2:      layout_basic, uniq_sigmund

Skill      XL: |  1  2 |
---------------+-------+-----
Fighting       | 2 |  2.1
Dodging        | |  1.8
Unarmed Combat | |  3.4
Spellcasting   | |  2.2
Transmutations | |  2.5

Action                   || total
-------------------------++-------
Melee: Unarmed           ||    89
       Kick              ||    14
       Tailslap          ||    11
       Headbutt          ||     3
       Punch             ||     1
 Cast: Beastly Appendage ||    19
  Use: Potion            ||     3
       Scroll            ||     1
Armor: Skin              ||    37
Dodge: Dodged            ||    82

Table legend:
 A = Non-vault XP
 B = Vault XP
 C = Vault XP percentage of total XP
 D = Non-vault monster count
 E = Vault monster count
 F = Vault count percentage of total count
                 A         B        C        D         E       F
            +---------+---------+-------+---------+---------+-------
      Total |      60 |       0 |   0.0 |      29 |       0 |   0.0
            +---------+---------+-------+---------+---------+-------
        D:1 |      57 |       0 |   0.0 |      27 |       0 |   0.0
        D:2 |       3 |       0 |   0.0 |       2 |       0 |   0.0
            +---------+---------+-------+---------+---------+-------
